 Dungeon Crawl Stone Soup version 0.29.0-4-gdea44cf6ec (webtiles) character file.

Game seed: 18368640633712397837

1374 apoch the Cleaver (level 8, 0/67 HPs)
             Began as a Hill Orc Fighter on Aug 28, 2022.
             Was a Believer of Dithmenos.
             Killed from afar by Dowan (18 damage)
             ... with a shard of ice
             ... on level 5 of the Dungeon.
             The game lasted 00:10:58 (4803 turns).

apoch the Cleaver (Hill Orc Fighter)                Turns: 4803, Time: 00:10:59

Health: 0/67       AC: 12    Str: 21    XL:     8   Next: 66%
Magic:  14/14      EV: 11    Int:  8    God:    Dithmenos [**....]
Gold:   225        SH:  0    Dex: 10    Spells: 7/7 levels left

rFire   . . .      SeeInvis +   a - +1 war axe
rCold   . . .      Faith    .   c - +0 buckler
rNeg    . . .      Spirit   .   h - +0 chain mail
rPois   .          Reflect  .   (no helmet)
rElec   .          Harm     .   (no cloak)
rCorr   .          Rampage  .   p - +2 pair of gloves
Will    .....                   (no boots)
Stlth   ..........              (no amulet)
HPRegen 0.21/turn               g - ring of see invisible
MPRegen 0.14/turn               m - +4 ring of evasion

@: confused, wreathed by umbra
A: no striking features
a: Renounce Religion, Shadow Step


You were on level 5 of the Dungeon.
You worshipped Dithmenos.
Dithmenos was pleased with you.
You visited 1 branch of the dungeon, and saw 5 of its levels.

You collected 225 gold pieces.

Inventory:

Hand Weapons
 a - a +1 war axe (weapon)
 v - a +2 mace of venom
Missiles
 r - 3 poisoned darts
 x - a stone (quivered)
Armour
 b - a +0 scale mail
 c - a +0 buckler (worn)
 h - a +0 chain mail (worn)
 p - a +2 pair of gloves (worn)
Jewellery
 g - a ring of see invisible (left hand)
 m - a +4 ring of evasion (right hand)
 w - a ring of willpower
 B - a +4 ring of evasion
Wands
 o - a wand of polymorph (9)
Scrolls
 i - a scroll of amnesia
 j - 4 scrolls of teleportation {unknown}
 q - a scroll of enchant armour {unknown}
 s - a scroll of vulnerability {unknown}
 t - a scroll of poison {unknown}
 u - a scroll of identify {unknown}
 y - 2 scrolls of noise {unknown}
 z - a scroll of fog {unknown}
Potions
 d - 2 potions of might
 e - 2 potions of berserk rage {unknown}
 f - 2 potions of curing {unknown}
 k - 2 potions of brilliance {unknown}
 l - 2 potions of heal wounds
 n - 2 potions of lignification {unknown}
 A - 2 potions of magic {unknown}


   Skills:
 + Level 4.8 Fighting
 - Level 10.0 Axes
 - Level 3.2 Armour
 - Level 3.2 Shields
 + Level 8.7 Invocations


You had 7 spell levels left.
You didn't know any spells.
Your spell library contained the following spells:

 Spells                   Type           Power      Damage    Failure   Level
 Sting                    Tmut/Pois      0%         1d3       99%         1
 Poisonous Vapours        Pois/Air       0%         N/A       100%        2
 Sublimation of Blood     Necr           0%         N/A       100%        2
 Olgreb's Toxic Radiance  Pois           0%         N/A       100%        4
 Petrify                  Tmut/Erth      0%         N/A       100%        4
 Irradiate                Conj/Tmut      0%         3d11      100%        5


Dungeon Overview and Level Annotations

Branches:
Dungeon (5/15)
 Temple: D:4-7

Altars:
Dithmenos

Shops:
D:4 =

Annotations:
D:5 Dowan


Message History

Duvessa is severely wounded.
Duvessa closely misses you.
You hit Duvessa.
Duvessa is severely wounded.
You block Duvessa's attack.
Dowan, Brother of Duvessa comes into view.
He is wielding a +0 dagger and carrying a wand of light (14).
You completely miss Duvessa.
Duvessa is severely wounded.
Dowan shouts!
Duvessa hits you with a +0 short sword!
You hit Duvessa but do no damage.
Duvessa is severely wounded.
Duvessa misses you.
Dowan points at Duvessa and mumbles some strange words.
Duvessa seems to speed up.
You barely miss Duvessa.
Duvessa is severely wounded.
Duvessa barely misses you. Duvessa hits you with a +0 short sword.
You hit Duvessa.
Duvessa is severely wounded.
Duvessa hits you but does no damage.
You hit Duvessa.
Duvessa is almost dead.
Duvessa hits you but does no damage. x2
You slash Duvessa!
You kill Duvessa!
Dithmenos accepts your kill.
Dowan screams, "No!
No!"
Dowan seems to find hidden reserves of power!
Dowan barely misses you.
You closely miss Dowan.
Dowan zaps a wand.
The bolt of light hits you.
You hit Dowan but do no damage. Dowan hits you but does no damage.
Dowan zaps a wand.
The bolt of light hits you!
You barely miss Dowan. Dowan hits you with a +0 dagger.
You closely miss Dowan.
Dowan zaps a wand.
The bolt of light hits you!
You are confused.
* * * LOW HITPOINT WARNING * * *
Dowan gestures at you while chanting. The shard of ice hits you!!
You die...

#######....###...# ..#
...#.....>..##.#.## ###.#
##..<.......##.#..###...# ..!
.....#......##.........##
#... ...####.....#..#####...#
#... ...#
#.......#.###.#..##... ..##
#......#.#.#)#)#.#..# ... ..#
#......##.#e#.##.#.# .... ..#
##.....###@#.###.÷.# .[.
..### ####..##.#)#.##..## ...
....# ####..#.#.#.#.#.####.#
..#..###......#.###.#....#..#
..##.....##.#..#####..##...##
########.##.##........##....#
#.##.####.....###.##...#
###.##.#.......###..# .#..#
##...#....#########.#≈≈.≈≈##


You could see Dowan (fast).

Vanquished Creatures
  Duvessa (D:5)
  2 ogres
  A phantom (D:5)
  2 necrophages (D:5)
  3 scorpions (D:5)
  4 wights (D:4)
  A howler monkey (D:5)
  2 hounds (D:5)
  A jelly (D:5)
  4 iguanas (D:5)
  Natasha (thrice) (D:2)
  2 orc wizards
  6 gnolls
  5 adders
  An ufetubus (D:4)
  A worm (D:2)
  2 dart slugs
  9 orcs
  5 ball pythons
  11 endoplasms
  A giant cockroach (D:4)
  A goblin (D:3)
  6 hobgoblins
  6 jackals
  2 quokkas
  2 bats
  4 frilled lizards
  7 kobolds
  3 rats
98 creatures vanquished.

Vanquished Creatures (others)
  18 plants
18 creatures vanquished.

Grand Total: 116 creatures vanquished

Notes
Turn   | Place    | Note
-------+----------+-------------------------------------------
     0 | D:1      | apoch the Hill Orc Fighter began the quest for the Orb.
     0 | D:1      | Reached XP level 1. HP: 19/19 MP: 1/1
   244 | D:1      | Reached skill level 3 in Axes
   346 | D:1      | Reached XP level 2. HP: 20/26 MP: 2/2
   557 | D:1      | Reached skill level 4 in Axes
  1101 | D:2      | Reached XP level 3. HP: 31/31 MP: 3/3
  1122 | D:2      | Reached skill level 5 in Axes
  1307 | D:2      | Noticed Natasha
  1314 | D:2      | Killed Natasha
  1315 | D:2      | Reached XP level 4. HP: 22/39 MP: 4/4
  1513 | D:2      | Found a faded altar of an unknown god.
  1528 | D:2      | Prayed at the altar of an unknown god.
  1528 | D:2      | Became a worshipper of Dithmenos the Shadowed
  1528 | D:2      | Reached * piety under Dithmenos
  1683 | D:2      | Reached skill level 6 in Axes
  1683 | D:2      | Reached skill level 1 in Invocations
  2083 | D:2      | Noticed Natasha
  2088 | D:2      | Killed Natasha
  2089 | D:2      | Reached XP level 5. HP: 41/45 MP: 6/6
  2202 | D:2      | Noticed Natasha
  2213 | D:2      | Killed Natasha
  2782 | D:3      | Reached ** piety under Dithmenos
  2830 | D:3      | Reached XP level 6. HP: 51/51 MP: 8/8
  2881 | D:3      | Reached skill level 7 in Axes
  3271 | D:4      | Found Damimmeb's Jewellery Boutique.
  3393 | D:4      | Reached skill level 5 in Invocations
  3397 | D:4      | Reached skill level 8 in Axes
  3397 | D:4      | Reached XP level 7. HP: 31/57 MP: 9/11
  3995 | D:5      | Entered Level 5 of the Dungeon
  4085 | D:5      | Reached skill level 9 in Axes
  4092 | D:5      | Reached XP level 8. HP: 56/64 MP: 13/13
  4394 | D:5      | Reached skill level 10 in Axes
  4588 | D:5      | Found a shadowy altar of Dithmenos.
  4778 | D:5      | Noticed Duvessa
  4793 | D:5      | Noticed Dowan
  4799 | D:5      | Killed Duvessa
  4803 | D:5      | Killed from afar by Dowan

Illustrated notes

Levels and vault maps discovered:
D:1:      dpeg_arrival_castle, layout_basic, minmay_misc_feat_plants,
          minivault_19
D:2:      layout_loops_ring, shapermc_ecumenical_altar_starsandcircs,
          nicolae_figureground_pulse, uniq_natasha
D:3:      layout_basic, nicolae_grassy_gnolls
D:4:      nicolae_cairo_tiling, layout_cave_pools, serial_shops,
          nicolae_shop_crystal, kennysheep_windowed_goal
D:5:      layout_rooms, grunt_dithmenos_smoke_and_mirrors, serial_shops,
          kennysheep_mini_moat, minmay_circle_x, uniq_duvessa

Skill      XL: |  1  2  3  4  5  6  7  8 |
---------------+-------------------------+-----
Axes           | 3 4 5 6 8 9 10 | 10.0
Invocations    | 2 3 5 7 8 |  8.7
Fighting       | 4 |  4.8
Armour         | |  3.2
Shields        | |  3.2

Action                   |  1- 3 |  4- 6 |  7- 9 || total
-------------------------+-------+-------+-------++-------
Melee: War axe           |    57 |   116 |   132 ||   305
Throw: Stone             |    25 |    28 |    23 ||    76
       Dart              |       |       |    23 ||    23
       Boomerang         |       |       |     5 ||     5
  Use: Scroll            |       |     3 |       ||     3
Armor: Scale mail        |    18 |    15 |    19 ||    52
       Chain mail        |       |       |    23 ||    23
Dodge: Dodged            |    21 |    84 |    71 ||   176
Block: Buckler           |     8 |    24 |    19 ||    51
